[Event "*** SCC Grand Prix: Titled Tuesday Blitz"]
[Site "Chess.com"]
[Date "2020.08.11"]
[Round "5"]
[White "MasterSonnevanck23"]
[Black "ural58"]
[Result "0-1"]
[WhiteElo "2357"]
[BlackElo "2519"]
[TimeControl "180+1"]
[EndTime "10:56:01 PDT"]
[Termination "ural58 won by resignation"]

1. c4 e5 2. Nc3 Nc6 3. Nf3 Bb4 4. Nd5 e4 5. Nxb4 Nxb4 6. Nd4 Nf6 7. a3 Nc6 8. Nxc6 dxc6 9. g3 Bf5 10. Bg2 Qd7 11.
b3 O-O-O 12. Bb2 h5 13. h4 Rhe8 14. Qc1 Ng4 15. Bc3 f6 16. Qb2 Ne5 17. O-O Bh3 18.
Rfd1 Bxg2 19. Kxg2 Qg4 20. Bxe5 Rxe5 21. Re1 g5 22. hxg5 h4 23. Qc3 Rxg5 24. Qxf6 hxg3 25. f3 exf3+ 26. Qxf3 Qxf3+ 27. Kxf3 Rxd2 28. Rg1 Rb2 29. b4 Rb3+ 30. e3 c5 31. bxc5 Kd7 32. Rad1+ Kc6 33. Kf4 Rg7 34. Rd5 Rxa3 35. e4 g2 36. Rg5 Rf7+ 37.
Rf5 Rg7 38. Rg5 Rxg5 39. Kxg5 Kxc5 40. Rxg2 Kxc4 41. Kf6 Rf3+ 42. Ke6 c5 43. e5 b5 44. Kd7 Rd3+ 45. Ke7 b4 46. e6 b3 47. Kf7 Rf3+ 48. Ke8 Re3 49. e7 a5 50. Kd7 a4 51.
e8=Q Rxe8 52. Kxe8 a3 53. Kd7 b2 0-1

[Event "*** SCC Grand Prix: Titled Tuesday Blitz"]
[Site "Chess.com"]
[Date "2020.08.11"]
[Round "5"]
[White "GMHess"]
[Black "Aygehovit1992"]
[Result "0-1"]
[WhiteElo "2807"]
[BlackElo "2625"]
[TimeControl "180+1"]
[EndTime "10:56:02 PDT"]
[Termination "Aygehovit1992 won by resignation"]

1. d4 Nf6 2. c4 g6 3. Nc3 d5 4. Bg5 Bg7 5. Bxf6 Bxf6 6. cxd5 c6 7. dxc6 Nxc6 8. e3 O-O 9. Nf3 Qa5 10. Qa4 Qb6 11.
O-O-O Rd8 12. Qb5 Qc7 13. Kb1 Bf5+ 14. e4 a6 15. Qc5 b6 16. Qc4 b5 17. Qc5 b4 18. exf5 bxc3 19. fxg6 hxg6 20. Qxc3 Rab8 21. Bc4 Qb6 22. Qb3 Qa5 23. Qc2 Kg7 24. Bb3 Nb4 25. Qc4 e6 26. h4 Rdc8 27. Qe2 Qf5+ 28.
Ka1 Nc2+ 29. Bxc2 Rxc2 30. g4 Rbxb2 31. gxf5 Rxa2+ 32. Kb1 Rxe2 33. fxe6 Reb2+ 34. Kc1 Be7 35. Rd2 Ba3 36. Rxb2 Rxb2 37. Nd2 fxe6 38. Kd1 Ra2 39. Ke2 Bb4 40. Rd1 Kf6 41. Kd3 Rxd2+ 42. Rxd2 Bxd2 43.
Kxd2 Kf5 44. Ke3 a5 45. f3 a4 46. Kd3 Kf4 47. h5 gxh5 48. d5 exd5 0-1

[Event "*** SCC Grand Prix: Titled Tuesday Blitz"]
[Site "Chess.com"]
[Date "2020.08.11"]
[Round "5"]
[White "davidkalashian"]
[Black "BJthechessgod"]
[Result "1-0"]
[WhiteElo "2567"]
[BlackElo "2247"]
[TimeControl "180+1"]
[EndTime "10:56:02 PDT"]
[Termination "davidkalashian won on time"]

1. e4 c5 2. Nc3 Nc6 3. Nf3 g6 4. d4 cxd4 5. Nxd4 Bg7 6. Be3 Nf6 7. Bc4 O-O 8. Bb3 d6 9. f3 Bd7 10. Qd2 Nxd4 11. Bxd4 b5 12. O-O a5 13. a4 b4 14.
Nd5 Nxd5 15. exd5 Bxd4+ 16. Qxd4 Rc8 17. Rfe1 Re8 18. Re2 e5 19. dxe6 Bxe6 20. Rae1 Qd7 21. h4 Bxb3 22. cxb3 Rxe2 23. Rxe2 Re8 24. Rd2 Re6 25. h5 gxh5 26. Qf4 Rg6 27. Rd5 Qh3 28. Rg5 Qe6 29. Rxa5 Qxb3 30. Qd4 Qxf3 31. Qf2 Qd1+ 32. Kh2 Kg7 33. Rf5 Qb3 34. a5 h4 35. a6 h3 36. Rf3 Qd5 37. Rxh3 h5 38. a7 Qe5+ 39. Rg3 Qd5 40. Rxg6+ fxg6 41. Qf3 Qe5+ 42. g3 Qxb2+ 43. Qg2 Qa3 44. a8=Q 1-0

[Event "*** SCC Grand Prix: Titled Tuesday Blitz"]
[Site "Chess.com"]
[Date "2020.08.11"]
[Round "5"]
[White "hellokostya"]
[Black "BabyBoss31"]
[Result "1-0"]
[WhiteElo "2387"]
[BlackElo "2210"]
[TimeControl "180+1"]
[EndTime "10:56:02 PDT"]
[Termination "hellokostya won by resignation"]

1. Nf3 d5 2. e3 c5 3. c4 e6 4. b3 Nc6 5. Bb2 Nf6 6. cxd5 exd5 7. Bb5 Bd6 8. O-O O-O 9. d4 cxd4 10. Nxd4 Bd7 11. Be2 Re8 12. Nc3 Rc8 13. Rc1 Ne5 14. Bb5 a6 15. Bxd7 Qxd7 16. Nce2 Rxc1 17. Qxc1 Qg4 18.
Ng3 Nd3 19. Qb1 Nxb2 20. Qxb2 Be5 21. Rc1 Bxd4 22. Qxd4 Qxd4 23. exd4 g6 24. f3 Re7 25.
Kf2 h5 26. Nf1 Kg7 27. Ne3 Rd7 28. Rc8 Ng8 29. g4 hxg4 30. fxg4 Nf6 31. Kf3 Ne4 32. h4 Nd2+ 33. Ke2 Ne4 34. Kd3 Nf2+ 35. Ke2 Ne4 36.
Kf1 Nd2+ 37. Kf2 Ne4+ 38. Kg2 Nf6 39. Rc5 Re7 40. Kf3 Ne4 41. Rxd5 Nc3 42. Re5 Rd7 43. d5 Nxa2 44. Ke4 Nc3+ 45. Kd4 Nb5+ 46. Kc5 Nc3 47. d6 f6 48. Re7+ Rxe7 49. dxe7 Kf7 50. Kd6 Ke8 51. Ke6 Nb5 52. Nd5 Nd4+ 53. Kxf6 Nc6 54. Nc7+ 1-0

[Event "*** SCC Grand Prix: Titled Tuesday Blitz"]
[Site "Chess.com"]
[Date "2020.08.11"]
[Round "5"]
[White "The_Machine04"]
[Black "IANOV0007"]
[Result "1-0"]
[WhiteElo "2262"]
[BlackElo "2469"]
[TimeControl "180+1"]
[EndTime "10:56:04 PDT"]
[Termination "The_Machine04 won by resignation"]

1. d4 d6 2. Nf3 g6 3. Nbd2 Bg7 4. e4 Nf6 5. Bc4 O-O 6. O-O c6 7. c3 d5 8. Bd3 Bg4 9. h3 Bxf3 10. Qxf3 dxe4 11.
Nxe4 Nxe4 12. Bxe4 Nd7 13. Bc2 e5 14. d5 Qc7 15. dxc6 bxc6 16. Be4 Rac8 17. Rd1 Nc5 18. Bc2 f5 19. Be3 e4 20. Qe2 Nb7 21. Bd4 c5 22. Bxg7 Kxg7 23. Rd5 Rfd8 24. Rad1 Rxd5 25. Rxd5 Rd8 26.
Qd2 h5 27. h4 Qe7 28. g3 Rxd5 29. Qxd5 e3 30. fxe3 Qxe3+ 31. Kh2 Qc1 32. Qxb7+ Kh6 33. Qg2 Qxb2 34. Qd2+ Kg7 35. a4 a5 36. Qd7+ Kh6 37. Qd2+ Kg7 38. Kg2 Qb7+ 39. Kh3 Qh1+ 40. Qh2 Qe1 41.
c4 Qc3 42. Qe2 f4 43. Qe7+ Kg8 44. Qe8+ Kg7 45. Qxg6+ Kf8 46. Qd6+ Kg7 47. Qg6+ Kf8 48. Be4 fxg3 49. Qd6+ Kg7 50. Qxg3+ Qxg3+ 51. Kxg3 Kf6 52. Kf4 Ke6 53. Bf3 Kf6 54. Bxh5 1-0

[Event "*** SCC Grand Prix: Titled Tuesday Blitz"]
[Site "Chess.com"]
[Date "2020.08.11"]
[Round "5"]
[White "goldihouse"]
[Black "eljanov"]
[Result "0-1"]
[WhiteElo "2450"]
[BlackElo "2794"]
[TimeControl "180+1"]
[EndTime "10:56:05 PDT"]
[Termination "eljanov won on time"]

1. d4 Nf6 2. Nf3 e6 3. Bf4 d5 4. e3 Bd6 5. Nbd2 O-O 6. Ne5 b6 7. Bd3 c5 8. c3 Ba6 9. Qe2 Bxd3 10. Qxd3 Qc7 11. Bg3 Nc6 12. Nxc6 Qxc6 13. Bxd6 Qxd6 14.
f4 b5 15. O-O Rab8 16. a3 a5 17. b4 c4 18. Qc2 axb4 19. axb4 Ra8 20. Qb2 Ng4 21.
Rfe1 Rxa1 22. Qxa1 Qc6 23. h3 Ra8 24. Qb2 Nf6 25. Ra1 Ra6 26. Nb1 Ne4 27. Rxa6 Qxa6 28. Nd2 Nd6 29. Qc2 Qa1+ 30. Kf2 h5 31. h4 g6 32. g3 Qh1 33. e4 dxe4 34. Nf1 Qf3+ 35. Kg1 e3 36. Qg2 Qxg2+ 37. Kxg2 e2 38. Kf2 exf1=Q+ 39. Kxf1 Ne4 40. Ke2 Nxc3+ 41. Ke3 Nd5+ 42. Ke4 Nxb4 43. Ke5 c3 44. f5 exf5 45. d5 Nxd5 46.
Kxd5 c2 47. Ke5 c1=Q 48. g4 hxg4 49. Kf6 f4 50. Kg5 f3+ 51. Kf6 f2 52. h5 f1=Q+ 53. Ke7 Qe3+ 54. Kd6 Qfd3+ 55. Kc6 Qc4+ 56. Kb7 Qee6 57.
hxg6 Qcd5+ 58. Ka7 Qdd7+ 0-1

[Event "*** SCC Grand Prix: Titled Tuesday Blitz"]
[Site "Chess.com"]
[Date "2020.08.11"]
[Round "5"]
[White "lelajavakhishvili"]
[Black "korbul"]
[Result "1/2-1/2"]
[WhiteElo "2414"]
[BlackElo "2573"]
[TimeControl "180+1"]
[EndTime "10:56:05 PDT"]
[Termination "Game drawn by repetition"]

1. d4 Nf6 2. Nf3 b6 3. g3 Bb7 4. Bg2 g6 5. O-O Bg7 6. c4 O-O 7. Nc3 Ne4 8. Bd2 c5 9. d5 Nxd2 10. Qxd2 d6 11. e4 a6 12. a4 Bc8 13. h3 Nd7 14. Rfe1 Rb8 15. Rad1 Ne5 16. Nxe5 Bxe5 17.
f4 Bd4+ 18. Kh2 e5 19. dxe6 fxe6 20. Ne2 e5 21. Nxd4 cxd4 22. Rf1 Be6 23. Qe2 Qd7 24. b3 b5 25. f5 gxf5 26. exf5 Bxf5 27. cxb5 axb5 28.
Bd5+ Kh8 29. a5 Bxh3 30. Rxf8+ Rxf8 31. a6 Bg4 32. Qg2 Bxd1 33. Bb7 d3 34. a7 Bxb3 35. a8=Q Rxa8 36. Bxa8 d5 37. Qb2 Bc4 38. Qxe5+ Kg8 39.
Qg5+ Kf7 40. Qf4+ Ke6 41. Qg4+ Kd6 42. Qd4 Qe7 43. Qb6+ Ke5 44. Qe3+ Kf6 45. Qh6+ Ke5 46. Qe3+ Kd6 47. Qb6+ Kd7 48. Bc6+ Kd6 49. Bxb5+ Ke5 50. Qe3+ Kf6 51. Qh6+ Ke5 52. Qe3+ Kd6 53. Qb6+ Ke5 54. Qe3+ 1/2-1/2

[Event "*** SCC Grand Prix: Titled Tuesday Blitz"]
[Site "Chess.com"]
[Date "2020.08.11"]
[Round "5"]
[White "PawnEatingZombie"]
[Black "NoboaKevin1999"]
[Result "0-1"]
[WhiteElo "2217"]
[BlackElo "2416"]
[TimeControl "180+1"]
[EndTime "10:56:05 PDT"]
[Termination "NoboaKevin1999 won by resignation"]

1. d4 e6 2. c4 Nf6 3. Nc3 Bb4 4. Qc2 b6 5. e4 c5 6. d5 Qe7 7. Be2 b5 8. Nf3 exd5 9. exd5 bxc4 10. O-O Bxc3 11.
bxc3 O-O 12. Bxc4 d6 13. Bg5 h6 14. Rfe1 Qd8 15. Bh4 Bg4 16. Nd2 Nbd7 17. Ne4 g5 18.
Bg3 Nxe4 19. Qxe4 Nf6 20. Qd3 Bh5 21. h3 Bg6 22. Qd2 Ne4 23. Qe3 f5 24. f4 Qf6 25.
Rac1 Rae8 26. Bh2 Re7 27. Bd3 Rfe8 28. Bxe4 Rxe4 29. Qd2 g4 30. Bg3 h5 31. Rxe4 Rxe4 32. h4 Qe7 33. Rb1 Bf7 34. Rb8+ Kg7 35. Qb2 c4 36.
Rb7 Qf6 37. Rxa7 Re3 38. Kh2 Qxc3 39. Qb7 Qf6 40. Qd7 c3 41. Rc7 Kg6 42. Rc6 Re7 43. Qd8 Kg7 44. Rxd6 Be6 45. Rxe6 Rxe6 46. Qd7+ Re7 47.
Qc6 Qxc6 48. dxc6 c2 0-1

[Event "*** SCC Grand Prix: Titled Tuesday Blitz"]
[Site "Chess.com"]
[Date "2020.08.11"]
[Round "5"]
[White "AustrianFalcon"]
[Black "VladaSviridova"]
[Result "1-0"]
[WhiteElo "2470"]
[BlackElo "2240"]
[TimeControl "180+1"]
[EndTime "10:56:05 PDT"]
[Termination "AustrianFalcon won by resignation"]

1. e4 e6 2. d4 d5 3. Nc3 Bb4 4. e5 c5 5. a3 Bxc3+ 6. bxc3 Ne7 7. Qg4 O-O 8. Bd3 Nbc6 9. Bg5 Qa5 10. Ne2 Ng6 11.
O-O Qa4 12. h3 c4 13. Bxg6 fxg6 14. Ra2 Bd7 15. Nf4 Rf5 16. Ne2 Raf8 17. Ng3 R5f7 18. Bd2 Ne7 19. h4 Nf5 20. h5 Nxg3 21. hxg6 Nxf1 22.
gxf7+ Rxf7 23. Kxf1 Qa5 24. Kg1 Qd8 25. Rb2 b5 26.
Rb1 Qf8 27. f4 Qxa3 28. Qd1 Qe7 29. Ra1 Bc6 30. Ra6 Qb7 31. Qa1 h6 32. Qa5 Kh7 33.
g3 h5 34. Kh2 Qc7 35. Qa3 Qe7 36. Qxe7 Rxe7 37. Rxc6 a5 38. Bc1 a4 39. Ba3 Re8 40.
Kh3 Kg6 41. g4 hxg4+ 42. Kxg4 Kf7 43. f5 exf5+ 44. Kxf5 Rh8 45. Rc7+ Kg8 46. Rc8+ Kh7 47. Rxh8+ Kxh8 48. e6 Kg8 49. Kg6 b4 50. e7 1-0

[Event "*** SCC Grand Prix: Titled Tuesday Blitz"]
[Site "Chess.com"]
[Date "2020.08.11"]
[Round "5"]
[White "MuhittinBuker"]
[Black "GMJustin"]
[Result "0-1"]
[WhiteElo "1989"]
[BlackElo "2284"]
[TimeControl "180+1"]
[EndTime "10:56:05 PDT"]
[Termination "GMJustin won by resignation"]

1. d4 d5 2. c4 dxc4 3. Nf3 a6 4. a4 Nc6 5. e3 Na5 6. Nbd2 Be6 7. Qc2 b5 8. Ng5 Bd5 9. Nxh7 Nb3 10. Ra3 Nxc1 11. Nxf8 Nd3+ 12. Bxd3 cxd3 13. Qc5 Kxf8 14. e4 Bb7 15. Rxd3 Nf6 16. d5 Qd6 17. Qxd6 cxd6 18. O-O bxa4 19. Rc1 Nd7 20. Rc7 Nc5 21. Rc3 Rb8 22. f3 Ke8 23. e5 Bxd5 24. exd6 exd6 25. Nc4 Bxc4 26. Rxc4 Rh5 27. Rf4 Rb7 28. Rfxf7 Rxc7 29. Rxc7 Rd5 30. Rxg7 Rd2 31. h4 Rxb2 32. h5 Kf8 33. Rg4 a3 34. h6 a2 35. h7 a1=Q+ 36. Kh2 Rb8 37. Rg8+ Kf7 38. Rxb8 Qe5+ 39. Kg1 Qe1+ 40. Kh2 Qh4+ 41. Kg1 Qxh7 0-1

[Event "*** SCC Grand Prix: Titled Tuesday Blitz"]
[Site "Chess.com"]
[Date "2020.08.11"]
[Round "5"]
[White "Quiet_Desperation"]
[Black "NotFischer"]
[Result "1-0"]
[WhiteElo "2263"]
[BlackElo "2090"]
[TimeControl "180+1"]
[EndTime "10:56:05 PDT"]
[Termination "Quiet_Desperation won by resignation"]

1. e4 d5 2. exd5 Nf6 3. Nc3 Nxd5 4. Nf3 Bf5 5. Bc4 Nb6 6. Bb3 Nc6 7. O-O e6 8. Re1 Be7 9. d4 O-O 10. h3 a5 11. a4 Nb4 12. Ne5 Rc8 13. Be3 c5 14. g4 Bg6 15. Nxg6 hxg6 16. dxc5 Bxc5 17. Qf3 Bxe3 18. Rxe3 Qe7 19. Rae1 Rc6 20. Qf4 Rfc8 21.
Qe5 Nc4 22. Bxc4 Rxc4 23. R3e2 Qh4 24. Kg2 Kh7 25. f3 R8c5 26. Qg3 Qxg3+ 27. Kxg3 Nd5 28. Ne4 Rc7 29. c3 Rxa4 30. h4 Nf6 31. Ng5+ Kg8 32.
Rd1 Rc8 33. Red2 Kf8 34. Rd6 Ra2 35. Rb6 Rc7 36. Rd8+ Ke7 37. Rb8 Nd7 38. R6xb7 Rxb7 39. Rxb7 a4 40. Ne4 f5 41. Nc5 Kd6 42. Nxd7 Kc6 43.
Ra7 Rxb2 44. Ne5+ Kd5 45. Nxg6 Ra2 46. h5 fxg4 47. fxg4 Ra3 48. g5 Rxc3+ 49. Kg4 a3 50. h6 gxh6 51. gxh6 Rc4+ 52. Nf4+ Kd6 53. h7 Rc8 54.
Ng6 Rh8 55. Nxh8 1-0

[Event "*** SCC Grand Prix: Titled Tuesday Blitz"]
[Site "Chess.com"]
[Date "2020.08.11"]
[Round "5"]
[White "BursaBBSatranc"]
[Black "GregShahade"]
[Result "0-1"]
[WhiteElo "2520"]
[BlackElo "2715"]
[TimeControl "180+1"]
[EndTime "10:56:07 PDT"]
[Termination "GregShahade won by resignation"]

1. d4 Nf6 2. Bf4 g6 3. e3 Bg7 4.
Nf3 O-O 5. h3 d6 6. Be2 Nbd7 7.
O-O Qe8 8. c4 e5 9. Bh2 Ne4 10.
Qc2 f5 11. Re1 exd4 12. exd4 Ndf6 13. Nfd2 Qf7 14. f3 Nxd2 15. Qxd2 Bd7 16. Nc3 Rae8 17. Rad1 Kh8 18. Bf1 Ng8 19. d5 Rxe1 20. Rxe1 Re8 21. Rxe8 Qxe8 22. Bf4 Nf6 23. Be3 a6 24. Bd4 Nh5 25. Bxg7+ Kxg7 26. g4 Nf6 27. Qd4 Kf7 28. Bd3 Qe1+ 29. Kg2 Qd2+ 30. Kg1 Qc1+ 31. Bf1 Qxb2 32.
g5 Nh5 33. Qh8 Qb6+ 34. Kg2 Nf4+ 35. Kg3 Nh5+ 36. Kg2 Qe3 37. Qxh7+ Ng7 38. Ne2 Qxg5+ 39. Kf2 Qf6 40. h4 f4 41. Qh6 Nh5 42. Qh7+ Qg7 43. Qxg7+ Kxg7 44. Nc3 Kf6 45. Bd3 Bf5 46. Be2 Ke5 47.
a3 Kd4 48. Na4 Bd3 49. Nb2 Bxe2 50. Kxe2 Kc3 51. Nd3 Kxc4 52. Nf2 Kxd5 53. Kd3 c5 54. a4 b5 55. axb5 axb5 56. Ne4 c4+ 57. Kc3 Ng3 58. Nf6+ Kc5 59. Ne4+ Nxe4+ 0-1

[Event "*** SCC Grand Prix: Titled Tuesday Blitz"]
[Site "Chess.com"]
[Date "2020.08.11"]
[Round "5"]
[White "northridgehawk"]
[Black "DonBroca"]
[Result "1-0"]
[WhiteElo "2306"]
[BlackElo "2107"]
[TimeControl "180+1"]
[EndTime "10:56:07 PDT"]
[Termination "northridgehawk won by resignation"]

1. e4 e5 2. Nf3 Nc6 3. Bb5 Nf6 4. d3 d6 5. O-O Be7 6. c3 O-O 7. a4 a6 8. Bc4 Be6 9. Nbd2 Nd7 10. Bxe6 fxe6 11.
b4 d5 12. Re1 d4 13. cxd4 exd4 14. Qb3 Rf6 15. Ba3 Kh8 16. b5 Na5 17. Qb2 Bxa3 18.
Rxa3 e5 19. Rc1 c6 20. b6 Re6 21. Rb1 c5 22. Qc1 Rxb6 23. Raa1 Rc8 24. Rxb6 Qxb6 25. Rb1 Qd6 26. Ng5 Qe7 27. h4 h6 28. Ngf3 Rf8 29.
Nf1 Rxf3 30. gxf3 Qxh4 31. Qd2 Qg5+ 32. Qxg5 hxg5 33. Ng3 g6 34. Kg2 Kg7 35. Kh3 Kf6 36. Kg4 b6 37. Ne2 c4 38. dxc4 Nxc4 39. Rc1 b5 40.
axb5 axb5 41. Rb1 Na3 42. Rb3 Nc4 43. Rxb5 d3 44. Nc3 Ndb6 45. Nd5+ Nxd5 46. Rxd5 d2 47. Kg3 Ke7 48. Kg2 Ke6 49. Kf1 Kf6 50. Ke2 Ke6 51. Kd1 Kf6 52. Kc2 Ke6 53. Kc3 Na3 54.
Kxd2 Nb1+ 55. Kd3 Na3 56. Kc3 Nb1+ 57. Kb2 Nc3 58. Kxc3 1-0

[Event "*** SCC Grand Prix: Titled Tuesday Blitz"]
[Site "Chess.com"]
[Date "2020.08.11"]
[Round "5"]
[White "Evgeny81"]
[Black "M1711"]
[Result "0-1"]
[WhiteElo "2700"]
[BlackElo "2464"]
[TimeControl "180+1"]
[EndTime "10:56:08 PDT"]
[Termination "M1711 won on time"]

1. Nf3 c5 2. c4 g6 3. g3 Bg7 4.
Bg2 Nc6 5. Nc3 d6 6. O-O e6 7.
a3 Nge7 8. b4 O-O 9. Rb1 b6 10. d4 cxd4 11. Ne4 d5 12. cxd5 Nxd5 13. b5 Nc3 14. Qc2 Na5 15. Bg5 f6 16. Nxc3 dxc3 17.
Bf4 e5 18. Be3 Bf5 19. Qxc3 Bxb1 20. Rxb1 Rc8 21. Qb4 Nc4 22. Qb3 Kh8 23. h4 Nxe3 24.
Qxe3 Qe7 25. h5 Rfd8 26. hxg6 hxg6 27. Nh4 Qf7 28. Bc6 f5 29. Qg5 Rd6 30. Nf3 Rcd8 31. Kg2 Kg8 32. Rh1 e4 33. Nh4 Qf6 34. Qc1 g5 35.
Nxf5 Qxf5 36. Qc4+ Kf8 37. Qc2 Qe5 38. Qc4 Rd4 39.
Qc2 Qf6 40. Bxe4 Rd2 41. Qc4 Ke7 42. Qc7+ R2d7 43. Qc4 Qe5 44. Qc2 Rd4 45. Bf3 Rd2 46. Qc4 R2d4 0-1

[Event "*** SCC Grand Prix: Titled Tuesday Blitz"]
[Site "Chess.com"]
[Date "2020.08.11"]
[Round "5"]
[White "Goryachkina"]
[Black "Chessdemon2019"]
[Result "1-0"]
[WhiteElo "2569"]
[BlackElo "2346"]
[TimeControl "180+1"]
[EndTime "10:56:08 PDT"]
[Termination "Goryachkina won by checkmate"]

1. e4 c5 2. Nf3 d6 3. c3 Nf6 4. Be2 g6 5. O-O Bg7 6. Bb5+ Nbd7 7. Re1 O-O 8. d4 cxd4 9. cxd4 a6 10. Bd3 b5 11.
Nc3 Bb7 12. a3 Rc8 13. h3 Qb6 14. Be3 d5 15. e5 Ne4 16. Bxe4 dxe4 17. Nd2 Rfd8 18.
Qe2 b4 19. axb4 Qxb4 20. Ndxe4 Nb6 21. Nc5 Ba8 22. Nxa6 Qc4 23. Nc5 Qxe2 24. Rxe2 Nc4 25. b3 Nxe3 26. fxe3 Bxe5 27. Rxa8 Rxa8 28. dxe5 Ra1+ 29.
Kh2 Rc1 30. N3a4 Rb8 31. Rd2 e6 32. Rd4 Re1 33. Re4 Rb5 34. Nd3 Rd1 35. Nac5 Kf8 36. b4 Ke7 37. Rd4 Rd2 38. Kg3 h5 39. h4 Rb8 40. Kf3 Ra8 41. Nf4 Raa2 42. Rxd2 Rxd2 43. g3 Rb2 44. Nfd3 Rb1 45. Ne4 Rb3 46. Ke2 Rb1 47. Nd2 Ra1 48. Nc4 Kd7 49. b5 Rb1 50. b6 Kc6 51. Kf3 Rb3 52. Ke4 Rc3 53. Kd4 Rc2 54. Ne1 Re2 55. Nd3 Rg2 56. Nb4+ Kb7 57. Kc5 Rxg3 58.
Nd6+ Ka8 59. b7+ Kb8 60. Nc6+ Kc7 61. b8=Q+ Kd7 62. Qd8# 1-0

[Event "*** SCC Grand Prix: Titled Tuesday Blitz"]
[Site "Chess.com"]
[Date "2020.08.11"]
[Round "5"]
[White "Kaliopa"]
[Black "chess4life23"]
[Result "0-1"]
[WhiteElo "2185"]
[BlackElo "2407"]
[TimeControl "180+1"]
[EndTime "10:56:10 PDT"]
[Termination "chess4life23 won on time"]

1. d4 Nf6 2. c4 g6 3. Nc3 d5 4. cxd5 Nxd5 5. e4 Nxc3 6. bxc3 Bg7 7. Be3 O-O 8. Rc1 b6 9. h4 Bb7 10. Bd3 f5 11. exf5 gxf5 12. Nf3 c5 13. Ng5 Qd5 14. Qh5 h6 15. Qg6 hxg5 16. hxg5 Rf7 17. Qh7+ Kf8 18. g6 Rf6 19. Bh6 Qg8 20. Bc4 e6 21.
Bg5 Nd7 22. Qxg8+ Kxg8 23. Bxf6 Nxf6 24. Bxe6+ Kf8 25. Bxf5 Bxg2 26. Rg1 Re8+ 27. Kd1 Bd5 28. c4 Bf3+ 29. Kc2 cxd4 30. Rg3 Be2 31. Rcg1 Re5 32. Bd3 Bh5 33. Rh3 Nd7 34. Kd2 Ra5 35. a4 Ne5 36.
Rxh5 Nxc4+ 37. Bxc4 Rxh5 38. Kd3 Rf5 39. Rg2 Rf3+ 40.
Kd2 Rc3 41. Bd5 Ra3 42. f4 Rxa4 43. f5 Rb4 44. Be4 Rb2+ 45. Kd3 Rxg2 46. Bxg2 Ke7 47. Kc4 Kd6 48. Be4 a6 49. Bd3 b5+ 50. Kb4 Kc6 51. Ka5 Kb7 0-1

[Event "*** SCC Grand Prix: Titled Tuesday Blitz"]
[Site "Chess.com"]
[Date "2020.08.11"]
[Round "5"]
[White "emiliocordova"]
[Black "gross-aleks"]
[Result "1-0"]
[WhiteElo "2829"]
[BlackElo "2615"]
[TimeControl "180+1"]
[EndTime "10:56:11 PDT"]
[Termination "emiliocordova won by resignation"]

1. d4 e6 2. Nf3 d5 3. g3 Nf6 4. Bg2 Be7 5. O-O O-O 6. c4 c6 7. Qc2 b5 8. c5 a5 9. Nbd2 Nbd7 10. e4 dxe4 11. Nxe4 Nd5 12. h4 h6 13.
Re1 Qc7 14. Bh3 e5 15. Nd6 Bxd6 16. cxd6 Qxd6 17. Nxe5 Nb4 18. Qe2 Nxe5 19. dxe5 Qd3 20. Bg2 Qxe2 21. Rxe2 Bg4 22. Rd2 Rad8 23. a3 Nd3 24. Rc2 c5 25. Bd2 c4 26. Bxa5 Rd4 27.
Bc3 Rdd8 28. f4 Rfe8 29. Rf1 g6 30. Bc6 Bd7 31. Bf3 h5 32. Rd2 Bf5 33. Rfd1 Re6 34. Ba5 Rd7 35. Ra1 Bg4 36. Bg2 Bf5 37. Bc3 Ra6 38.
Rad1 Bg4 39. Rf1 Bf5 40. Bf3 Kf8 41. Kg2 Ke7 42. Kh2 Ke6 43. Rfd1 Bg4 44. Rf1 Kf5 45. Bg2 Rd8 46. Re1 Ke6 47. Re3 Bf5 48. Bf3 Rd7 49. Kg1 Ra4 50. Bc6 Rd8 51. Bxb5 Nc5 52. Rxd8 1-0

[Event "*** SCC Grand Prix: Titled Tuesday Blitz"]
[Site "Chess.com"]
[Date "2020.08.11"]
[Round "5"]
[White "Chess_Boxer123"]
[Black "Son_of_Sultan"]
[Result "1/2-1/2"]
[WhiteElo "2580"]
[BlackElo "2719"]
[TimeControl "180+1"]
[EndTime "10:56:11 PDT"]
[Termination "Game drawn by agreement"]

1. d4 d5 2. Bf4 c5 3. e3 Nc6 4. Nf3 cxd4 5. exd4 Bg4 6. Nbd2 e6 7. c3 Bd6 8. Bxd6 Qxd6 9. Bd3 Nge7 10. O-O a6 11.
Re1 Rc8 12. Qe2 Bh5 13. Qe3 Bg6 14. Bxg6 hxg6 15. Ne5 Nxe5 16. dxe5 Qc5 17. Nb3 Qxe3 18. Rxe3 Nf5 19. Re2 g5 20. Rd1 Rh4 21. g3 Ra4 22. a3 Ke7 23. h3 b6 24. Kg2 Rac4 25. f3 a5 26. Nd2 R4c5 27. Nb3 Rc4 28. Nd2 R4c7 29.
Nb3 a4 30. Nd4 Nxd4 31. Rxd4 Rc4 32. Red2 f6 33. Rxc4 Rxc4 34. Rd4 Rxd4 35. cxd4 fxe5 36. dxe5 Kd7 37. f4 gxf4 38. gxf4 Kc6 39. Kf3 Kc5 40. Ke3 d4+ 41. Ke4 Kc4 42. f5 exf5+ 43. Kxf5 d3 44. e6 d2 45. e7 d1=Q 46. e8=Q Qc2+ 47. Kg5 Qg2+ 48. Kf4 Qf2+ 49. Kg4 Qg2+ 50. Kf4 Qf2+ 51. Kg4 Qg2+ 1/2-1/2

[Event "*** SCC Grand Prix: Titled Tuesday Blitz"]
[Site "Chess.com"]
[Date "2020.08.11"]
[Round "5"]
[White "Twitch_ElhamBlitz05"]
[Black "chess94cu"]
[Result "1-0"]
[WhiteElo "2761"]
[BlackElo "2588"]
[TimeControl "180+1"]
[EndTime "10:56:12 PDT"]
[Termination "Twitch_ElhamBlitz05 won by resignation"]

1. e4 e5 2. Nc3 Nf6 3. Bc4 Nc6 4. d3 Bc5 5. f4 d6 6. Nf3 Bg4 7. Na4 Bb6 8. Nxb6 axb6 9. c3 O-O 10. h3 Bxf3 11.
Qxf3 Na5 12. Bb5 c6 13. Ba4 b5 14. Bc2 c5 15. O-O Nd7 16. f5 f6 17. g4 b4 18. Kh1 b5 19. Rg1 h6 20. h4 Qe7 21.
g5 hxg5 22. hxg5 fxg5 23. Bxg5 Nf6 24. Rg2 Kf7 25. Rag1 Rh8+ 26. Rh2 Rxh2+ 27. Kxh2 Rh8+ 28. Kg2 Ke8 29. cxb4 cxb4 30. Bb3 Nc6 31. Rc1 Kd7 32. Be6+ Kc7 33. Bd5 Nxd5 34. Bxe7 Nxe7 35. f6 gxf6 36. Qxf6 Rg8+ 37. Kf2 Kd7 38. Qf7 Nd8 39. Rc7+ Kxc7 40.
Qxe7+ Kc6 41. Qa7 Ne6 42. Qa6+ Kc7 43. Qxb5 Rf8+ 44. Ke1 Nd4 45. Qc4+ Kd7 46. a4 bxa3 47. bxa3 Rc8 48. Qf7+ Kc6 49. a4 Rb8 50. Qd5+ Kd7 51. a5 Rb5 52. Qf7+ Kc6 53. a6 Rb1+ 54. Kf2 Rb2+ 55. Kg3 Nb5 56. Qb7+ Kc5 57. a7 Nxa7 58. Qxb2 1-0

[Event "*** SCC Grand Prix: Titled Tuesday Blitz"]
[Site "Chess.com"]
[Date "2020.08.11"]
[Round "5"]
[White "chegueps"]
[Black "praveenb2002"]
[Result "1-0"]
[WhiteElo "2465"]
[BlackElo "2729"]
[TimeControl "180+1"]
[EndTime "10:56:12 PDT"]
[Termination "chegueps won by resignation"]

1. e4 c5 2. Nf3 d6 3. d4 cxd4 4. Nxd4 Nf6 5. Nc3 Nc6 6. Bg5 e6 7. Qd2 a6 8. O-O-O Bd7 9. f4 Be7 10. Be2 b5 11. Bf3 Rc8 12. Nxc6 Bxc6 13. Bxf6 gxf6 14.
f5 b4 15. Ne2 e5 16. Ng3 a5 17. Nh5 h6 18. h4 Qb6 19. g4 a4 20. Kb1 b3 21. g5 bxa2+ 22. Ka1 Rb8 23. c3 Kd7 24. Nxf6+ Bxf6 25. gxf6 Qc5 26. Rhg1 Rhf8 27. Rg7 a3 28. b4 Qc4 29. Qxd6+ Kc8 30. Qxf8+ Kb7 31.
Rxf7+ Ka6 32. Ra7+ Kxa7 33. Qc5+ Qxc5 34. bxc5 Ba4 35. Rd6 Rb2 36. f7 Bb3 37. Rd1 Bxf7 38. Rd7+ Ka6 39. Rxf7 Rf2 40. Bh5 Kb5 41. Rb7+ Kxc5 42.
Rc7+ Kb6 43. Rd7 Kc6 44. Rd5 Rh2 45. Rxe5 Rxh4 46. f6 Rf4 47. Rf5 Rxe4 48. f7 Re1+ 49. Kxa2 Rc1 50. f8=Q Rc2+ 51. Kxa3 Rxc3+ 52. Kb4 Rc4+ 53. Kxc4 1-0

[Event "*** SCC Grand Prix: Titled Tuesday Blitz"]
[Site "Chess.com"]
[Date "2020.08.11"]
[Round "5"]
[White "Zmeeed63"]
[Black "Siemba"]
[Result "1-0"]
[WhiteElo "2221"]
[BlackElo "2458"]
[TimeControl "180+1"]
[EndTime "10:56:12 PDT"]
[Termination "Zmeeed63 won on time"]

1. d4 d5 2. c4 c5 3. cxd5 Nf6 4. e4 Nxe4 5. dxc5 Qa5+ 6. Bd2 Qxc5 7. Qa4+ Nd7 8. Qxe4 Nf6 9. Qc4 Qxd5 10. Qxd5 Nxd5 11. Nc3 Nb4 12. O-O-O a6 13. a3 Nc6 14. Nf3 e6 15.
Bf4 Be7 16. Ne5 Nd8 17. Bd3 f6 18. Nf3 e5 19. Be3 Be6 20. h4 Rc8 21. Kb1 Bxa3 22. h5 Be7 23. h6 g6 24. Bb6 Nc6 25. Be4 Kf7 26. Bd5 Nb4 27. Bxe6+ Kxe6 28. Rhe1 Nc6 29. Nd5 Bd8 30. Bxd8 Rhxd8 31. Nb6 Rb8 32. Nd2 Nd4 33.
Ne4 Kf5 34. Nc5 Rd6 35. Nba4 b5 36. Ne4 Rc6 37. Nac5 a5 38. Ng3+ Kg5 39. Rh1 f5 40.
Nd3 Kf6 41. f4 exf4 42. Nxf4 Ne6 43. Nd5+ Kg5 44. Rc1 1-0